Cogmind - Beta 12 X4 @@@ ROGUE MODE // 2022.12.02 @ 00:34:48 Player: Lunatic Blue Result: Destroyed by G9-PIF(z) with Zionite Laser-S Performance ------------- Evolutions (3) 1500 Regions Visited (12) 2400 Robots Destroyed (77) 385 Value Destroyed (2386) 2386 Prototype IDs (8) 160 Alien Tech Used (0) 0 Bonus (1302) 1302 TOTAL SCORE: 8133 Bonus ------- High Alert Combat Kills 2 Aligned with FarCom 300 Destroyed Z-Imprinter 1000 Cogmind --------- Core Integrity 0/700 Matter 11/300 Energy 19/100 System Corruption 0% Temperature Cool (9) Movement Core (1450) Ox28 Location -7/Deep Caves Parts ------- > --- POWER (2) -------- (None) > --- PROPULSION (3) --- (None) > --- UTILITY (5) ------ Improved Heat Sink Huge Storage Unit Advanced Targeting Computer > --- WEAPON (3) ------- Mini Assault Cannon > --- INVENTORY (25) --- Cryofiber Web Heat Sink Coolant Injector Huge Storage Unit Experimental Sensor Array Improved Signal Interpreter Terrain Scanner Supersonic Drone Bay (1/1) Precision Shock Rifle Precision Shock Rifle EM Pulse Cannon EM Pulse Cannon EM Pulse Cannon Makeshift Hammer Peak State ------------ > --- POWER ------------ Light Nuclear Core Makeshift Power Source > --- PROPULSION ------- Armored Wheel Makeshift Flight Unit Makeshift Flight Unit > --- UTILITY ---------- Improved Heat Sink Improved Heat Sink Huge Storage Unit Advanced Targeting Computer Improved Light Armor Plating > --- WEAPON ----------- Heavy Laser Makeshift Laser Mini Assault Cannon > --- INVENTORY -------- Light Nuclear Core Makeshift Power Source Cryofiber Web Heat Sink Improved Heat Sink Improved Heat Sink Coolant Injector Huge Storage Unit Experimental Sensor Array Improved Signal Interpreter Terrain Scanner Improved Medium Armor Plating Supersonic Drone Bay Precision Shock Rifle Precision Shock Rifle EM Pulse Cannon EM Pulse Cannon EM Pulse Cannon Advanced Assault Cannon Advanced Assault Cannon Grenade Launcher Rocket Launcher Rocket Launcher Mini Grenade Launcher Makeshift Hammer [Rating: 51] Favorites ----------- Power Light Nuclear Core Engine Ion Engine Power Core Light Nuclear Core Propulsion Wheel Treads Light Treads Wheel Wheel Flight Unit Makeshift Flight Unit Utility Improved Heat Sink Device Improved Heat Sink Storage Huge Storage Unit Processor Advanced Targeting Computer Protection Improved Light Armor Plating Weapon Heavy Laser Energy Gun Heavy Laser Energy Cannon Advanced Beam Cannon Ballistic Gun Autogun Ballistic Cannon Advanced Assault Cannon Launcher Rocket Launcher Impact Weapon Makeshift Hammer Build | -11 -10 -10 -9 -9 -9 -8 -8 -7 -7 -7 -7 -7 ------- Run | Scr Mat Min Mat Min Exi Min Mat Fac Low Low Zio Dee Slots Evolved 6 | . . . 2 . . . 2 2 . . . . Power 1 | . . . . . . . . 1 . . . . Propulsion 1 | . . . 1 . . . . . . . . . Utility 3 | . . . . . . . 2 1 . . . . Weapon 1 | . . . 1 . . . . . . . . . Parts Attached 109 | 7 5 2 13 . 6 2 17 20 7 3 8 19 Power 17 | 2 1 . 3 . . . 2 4 1 1 1 2 Engine 10 | 2 1 . 3 . . . . 2 . . 1 1 Core 7 | . . . . . . . 2 2 1 1 . 1 Reactor . | . . . . . . . . . . . . . Propulsion 20 | 2 . . 4 . . 2 4 5 1 . 2 . Treads 7 | 1 . . 1 . . . 2 3 . . . . Leg . | . . . . . . . . . . . . . Wheel 11 | 1 . . 3 . . 2 2 2 1 . . . Hover . | . . . . . . . . . . . . . Flight 2 | . . . . . . . . . . . 2 . Utility 27 | 1 2 . 3 . 2 . 6 4 1 1 3 4 Device 15 | . . . 2 . 2 . 4 1 . 1 3 2 Storage 3 | 1 1 . 1 . . . . . . . . . Processor 4 | . 1 . . . . . 1 1 1 . . . Hackware . | . . . . . . . . . . . . . Protection 5 | . . . . . . . 1 2 . . . 2 Artifact . | . . . . . . . . . . . . . Weapon 45 | 2 2 2 3 . 4 . 5 7 4 1 2 13 Energy Gun 18 | 1 . . 1 . 1 . 3 5 2 1 1 3 Energy Cannon 1 | . 1 . . . . . . . . . . . Ballistic Gun 7 | 1 1 1 1 . 1 . 2 . . . . . Ballistic Cannon 9 | . . . 1 . 2 . . 2 . . . 4 Launcher 8 | . . 1 . . . . . . 2 . . 5 Special Weapon . | . . . . . . . . . . . . . Impact Weapon 2 | . . . . . . . . . . . 1 1 Slashing Weapon . | . . . . . . . . . . . . . Piercing Weapon . | . . . . . . . . . . . . . Special Melee Weapon . | . . . . . . . . . . . . . Unidentified Prototypes 8 | . 1 . . . 2 . . 3 . . 1 1 Parts Lost 43 | . . . 5 . . . 7 4 3 3 . 21 Power 10 | . . . 2 . . . 1 2 1 . . 4 Propulsion 13 | . . . 2 . . . 4 1 1 2 . 3 Utility 9 | . . . . . . . 1 1 1 . . 6 Weapon 11 | . . . 1 . . . 1 . . 1 . 8 Highest Loss Streak 9 | . . . 3 . . . 3 1 4 2 . 9 To Critical Strikes . | . . . . . . . . . . . . . Average Slot Usage (%) 88 | . 99 91 93 100 99 100 97 96 90 92 98 58 Engine 6 | . 14 6 10 11 11 11 3 4 7 7 7 1 Core 3 | . . . . . . . 5 9 . 5 7 1 Treads 5 | . 14 14 10 11 11 11 9 9 7 4 . . Wheel 10 | . 14 14 17 22 22 22 16 10 14 11 7 . Flight 2 | . . . . . . . . . . . 13 . Device 10 | . . . 6 11 10 11 15 12 15 15 14 7 Storage 8 | . 14 14 11 11 11 11 9 7 7 7 7 7 Processor 6 | . 13 14 4 . . . 8 7 6 7 7 7 Protection 5 | . . . . . . . 2 8 7 7 7 6 Energy Gun 12 | . 14 14 21 11 10 11 17 13 12 15 15 . Ballistic Gun 3 | . 14 8 4 11 11 11 8 4 . . . . Ballistic Cannon 7 | . . . 7 11 10 11 . 3 7 7 1 18 Impact Weapon 1 | . . . . . . . . . . . 5 2 Naked Turns . | . . . . . . . . . . . . . Heaviest Build 118 | 14 29 29 95 95 95 95 99 118 107 112 112 114 Greatest Support 36 | 20 10 10 36 20 20 20 20 28 22 22 12 12 Greatest Overweight (x) 37 | 1 2 2 9 4 4 4 9 11 10 9 9 37 Average Overweight (x) 5 | . 1 2 1 4 4 4 5 7 4 6 8 23 Largest Inventory Capacity 25 | 8 15 15 25 25 25 25 25 25 25 25 25 25 Average Capacity 23 | 6 11 15 16 25 25 25 25 25 25 25 25 25 Most Carried 25 | 4 11 13 23 24 24 25 25 25 25 25 25 25 Average Carried 21 | 2 8 12 13 23 23 23 22 24 24 24 25 18 Final Capacity 25 | 8 15 15 25 25 25 25 25 25 25 25 25 25 Final Carried 25 | 4 11 13 23 24 24 23 25 25 25 25 25 14 Class Distribution -------------------- 22% | Gunner 16% | Scavenger-Skirmisher 16% | Derelict-Mutant 13% | Scavenger-Gunner 13% | Mutant 6% | Skirmisher 3% | Scavenger-Tank 3% | Tank Dominant Class ---------------- Mutant | -10/Materials Mutant | -10/Mines Gunner | -9/Materials Gunner | -9/Mines Gunner | -9/Exiles Skirmisher | -8/Mines Scavenger-Skirmisher | -8/Materials Scavenger-Skirmisher | -7/Factory Scavenger-Gunner | -7/Lower Caves Scavenger-Gunner | -7/Lower Caves Derelict-Mutant | -7/Zion Gunner | -7/Deep Caves Resources | -11 -10 -10 -9 -9 -9 -8 -8 -7 -7 -7 -7 -7 ----------- Run | Scr Mat Min Mat Min Exi Min Mat Fac Low Low Zio Dee Matter Collected 1878 | 266 48 70 225 141 75 44 295 311 135 152 56 60 Remotely . | . . . . . . . . . . . . . Salvage Created 2741 | . 172 44 505 102 . 35 738 523 116 331 . 175 Parts 149 | . 11 8 31 8 . 5 41 22 3 12 . 8 Haulers Intercepted 4 | . 1 . 1 . . . . 2 . . . . Recyclers Shooed . | . . . . . . . . . . . . . Parts Field Recycled . | . . . . . . . . . . . . . Retrieved Matter . | . . . . . . . . . . . . . Parts Self-Destructed 15 | . . . . . . . . . 2 13 . . Prevented . | . . . . . . . . . . . . . Kills | -11 -10 -10 -9 -9 -9 -8 -8 -7 -7 -7 -7 -7 ------- Run | Scr Mat Min Mat Min Exi Min Mat Fac Low Low Zio Dee Combat Hostiles Destroyed 72 | . 3 6 12 5 . 2 16 8 4 7 . 9 Guns 50 | . 3 4 10 2 . 1 16 6 . 6 . 2 Cannons 11 | . . . 2 3 . 1 . 1 1 1 . 2 AOE 10 | . . 2 . . . . . . 3 . . 5 Classes Destroyed 15 | . 2 1 4 . . . 2 2 1 . . 3 Worker 3 | . . . 1 . . 1 . 1 . . . . Builder 1 | . . . . . . . . 1 . . . . Hauler 4 | . 1 . 1 . . . . 2 . . . . Recycler 1 | . . . . . . . 1 . . . . . Watcher 1 | . . . 1 . . . . . . . . . Swarmer 22 | . . 6 4 3 . 2 4 . . 3 . . Grunt 23 | . 3 . 5 2 . . 8 . 3 2 . . Brawler 1 | . . . . . . . . . 1 . . . Duelist 2 | . . . 1 . . . . . . 1 . . Sentry 9 | . . . 2 . . . 3 4 . . . . Hunter 2 | . . . . . . . 1 1 . . . . Programmer 4 | . . . . . . . . 3 . 1 . . Z-Technician 5 | . . . . . . . . . . . . 5 Z-Light 3 | . . . . . . . . . . . . 3 Packrat 1 | . . . . . . . . . . 1 . . Assembled 5 | . . . . . . . . . . . . 5 Best Kill Streak 7 | . 2 3 7 3 . 2 5 3 4 4 . 5 Combat Bots Only 6 | . 2 3 6 3 . 2 5 1 4 4 . 5 Max Kills in Single Turn 2 | . 1 1 1 1 . 1 1 1 2 1 . 2 Gunslinging . | . . . . . . . . . . . . . Exploded 2 | . . 1 . . . . . . 2 . . 2 Melee . | . . . . . . . . . . . . . Uniques/NPCs Destroyed 1 | . . . . . . . . . . . . 1 Z-Imprinter (-7/Deep Caves) Combat | -11 -10 -10 -9 -9 -9 -8 -8 -7 -7 -7 -7 -7 -------- Run | Scr Mat Min Mat Min Exi Min Mat Fac Low Low Zio Dee Damage Taken 5610 | . 114 171 477 280 . 10 688 815 303 298 . 2454 Core 922 | . 13 22 40 46 . . 77 144 47 . . 533 Absorbed by Shields . | . . . . . . . . . . . . . Redirected to Shielding 116 | . . . . . . . . . . . . 116 Core Remaining (%) 87 | 100 . 86 . . . 78 86 . . . . . Volleys Fired 188 | . 11 20 26 13 . 3 38 30 6 13 . 28 Largest 3 | . 2 2 3 3 . 3 3 3 2 3 . 3 Hottest 197 | . 70 70 135 108 . 108 135 197 66 197 . 144 Shots Fired 461 | . 22 22 77 39 . 9 112 90 7 39 . 44 Gun 369 | . 22 18 68 26 . 6 112 74 . 26 . 17 Cannon 69 | . . . 9 13 . 3 . 16 3 13 . 12 Launcher 23 | . . 4 . . . . . . 4 . . 15 Special . | . . . . . . . . . . . . . Kinetic 170 | . 11 4 26 26 . 6 36 33 3 13 . 12 Thermal 268 | . 11 14 51 13 . 3 76 57 . 26 . 17 Explosive 23 | . . 4 . . . . . . 4 . . 15 Electromagnetic . | . . . . . . . . . . . . . Robot Hit Streak 25 | . 4 3 14 8 . 1 21 25 14 7 . 8 Robot Miss Streak 4 | . 2 2 2 4 . 2 3 2 . 3 . 4 Penetration Max . | . . . . . . . . . . . . . Secondary Targets 2 | . . . . . . . 1 . . . . 1 Max Gunslinging Chain 1 | . . . . . . . 1 . . . . 1 Shots Hit Robots 303 | . 14 11 48 22 . 4 83 66 6 22 . 27 Core Hits 162 | . 9 7 24 7 . 3 38 25 10 14 . 25 Critical Kills . | . . . . . . . . . . . . . Critical Parts Destroyed 1 | . . . . . . . . 1 . . . . Critical Strikes 21 | . 1 2 3 1 . . 8 2 . 3 . 1 Burn 18 | . 1 2 2 1 . . 8 1 . 2 . 1 Destroy 1 | . . . . . . . . 1 . . . . Blast 2 | . . . 1 . . . . . . 1 . . Melee Attacks 22 | . . . . . . . . . . . 16 6 Impact 22 | . . . . . . . . . . . 16 6 Slashing . | . . . . . . . . . . . . . Piercing . | . . . . . . . . . . . . . Sneak Attacks 5 | . . . . . . . . . . . . 5 Combat Hostiles . | . . . . . . . . . . . . . Follow-up Attacks . | . . . . . . . . . . . . . Damage Inflicted 6688 | . 171 354 640 336 . 64 1193 1370 369 414 . 1777 Guns 3865 | . 171 135 568 185 . 29 1193 1080 . 307 . 197 Cannons 919 | . . . 72 151 . 35 . 290 84 107 . 180 Explosions 1430 | . . 219 . . . . . . 285 . . 926 Melee 474 | . . . . . . . . . . . . 474 Ramming . | . . . . . . . . . . . . . Kinetic 1864 | . 58 46 231 247 . 52 374 485 84 107 . 180 Thermal 2920 | . 113 89 409 89 . 12 819 885 . 307 . 197 Explosive 1430 | . . 219 . . . . . . 285 . . 926 Electromagnetic . | . . . . . . . . . . . . . Impact 474 | . . . . . . . . . . . . 474 Slashing . | . . . . . . . . . . . . . Piercing . | . . . . . . . . . . . . . Highest Corruption 9 | . 9 9 . . . . 2 2 3 3 3 . Average Corruption 3 | . 8 9 . . . . 2 1 2 3 3 . Corruption Purged . | . . . . . . . . . . . . . Corruption Blocked . | . . . . . . . . . . . . . Effects 51 | . 6 13 . . . . . 9 8 14 1 . Message Errors 13 | . 1 1 . . . . . 3 . 8 . . Matter Fused 11 | . 1 3 . . . . . 1 2 4 . . Heat Flow Errors 3 | . 1 . . . . . . . 1 . 1 . Energy Discharges 8 | . 2 3 . . . . . 1 2 . . . Parts Rejected 1 | . . 1 . . . . . . . . . . Data Loss (minor) 5 | . . 1 . . . . . 1 2 1 . . Data Loss (major) 6 | . . 2 . . . . . 3 . 1 . . Alerts 1 | . 1 . . . . . . . . . . . Weapon Failures 3 | . . 2 . . . . . . 1 . . . Overload Shots . | . . . . . . . . . . . . . Overflow Damage 443 | . . 2 . . . . . 10 . 22 . 409 Projectiles 36 | . . . . . . . . 10 . 22 . 4 Explosions 53 | . . 2 . . . . . . . . . 51 Melee 354 | . . . . . . . . . . . . 354 Knockbacks 8 | . . . 1 2 . . . 3 . 1 . 1 Impact . | . . . . . . . . . . . . . Kinetic 8 | . . . 1 2 . . . 3 . 1 . 1 Secondary . | . . . . . . . . . . . . . Self-Inflicted Damage 131 | . . 14 . . . . . . 7 . . 110 Shots 5 | . . 1 . . . . . . 1 . . 3 Rammed . | . . . . . . . . . . . . . Targets Rammed . | . . . . . . . . . . . . . Kicked . | . . . . . . . . . . . . . Crushed . | . . . . . . . . . . . . . Highest Temperature 334 | . 273 . 334 6 . . 144 304 195 136 248 120 Average Temperature 80 | . 64 . 120 6 . . 39 75 115 59 133 38 Received Heat Transfer 1457 | . 63 . 87 105 . . 288 120 126 54 . 614 Effects 2 | . . . 2 . . . . . . . . . Interference 2 | . . . 2 . . . . . . . . . Siege Activations . | . . . . . . . . . . . . . Robots Corrupted . | . . . . . . . . . . . . . Combat Hostiles . | . . . . . . . . . . . . . Parts Fried 8 | . . . . . . . . . . . . 8 Impact Corruptions 12 | . . . . . . . . . . . . 12 Robots Melted 1 | . . . . . . . . 1 . . . . Combat Hostiles 1 | . . . . . . . . 1 . . . . Parts Melted 19 | . . . 2 1 . . 4 8 . 4 . . Heat Transferred 8371 | . 407 407 1369 333 . 37 2701 1894 . 742 . 481 Parts Sabotaged . | . . . . . . . . . . . . . Parts Stolen . | . . . . . . . . . . . . . Parts Stripped . | . . . . . . . . . . . . . Power Chain Reactions . | . . . . . . . . . . . . . Missiles Intercepted . | . . . . . . . . . . . . . Alert | -11 -10 -10 -9 -9 -9 -8 -8 -7 -7 -7 -7 -7 ------- Run | Scr Mat Min Mat Min Exi Min Mat Fac Low Low Zio Dee Peak Influence 419 | . 103 236 419 191 . 65 234 128 . . . . Initial 106 | . . 39 91 51 . . 25 106 . . . . Average 106 | . 64 125 230 153 . 15 122 61 . . . . Maximum Alert Level 2 | . . 1 2 . . . 1 . . . . . Low Security (%) 80 | 100 100 79 31 100 . 100 69 100 . . . . Level 1 18 | . . 20 63 . . . 30 . . . . . Level 2 1 | . . . 5 . . . . . . . . . Level 3 . | . . . . . . . . . . . . . Level 4 . | . . . . . . . . . . . . . Level 5 . | . . . . . . . . . . . . . High Security . | . . . . . . . . . . . . . Max Security . | . . . . . . . . . . . . . Squads Dispatched 6 | . . . 1 . . . 1 4 . . . . Investigation 1 | . . . 1 . . . . . . . . . Extermination 2 | . . . . . . . . 2 . . . . Reinforcement 2 | . . . . . . . 1 1 . . . . Assault 1 | . . . . . . . . 1 . . . . Garrison . | . . . . . . . . . . . . . Intercept . | . . . . . . . . . . . . . Searches Triggered . | . . . . . . . . . . . . . Construction Impeded . | . . . . . . . . . . . . . Haulers Reinforced . | . . . . . . . . . . . . . Active Scanning Responses . | . . . . . . . . . . . . . Cargo Convoy Interrupts 1 | . . . . . . . . 1 . . . . Stealth | -11 -10 -10 -9 -9 -9 -8 -8 -7 -7 -7 -7 -7 --------- Run | Scr Mat Min Mat Min Exi Min Mat Fac Low Low Zio Dee Distress Signals 7 | . . . 1 . . . 5 1 . . . . Communications Jammed . | . . . . . . . . . . . . . Distress Signals . | . . . . . . . . . . . . . Times Spotted 96 | . 4 6 16 7 . 3 26 11 4 7 . 12 Peak Tracking Total 8 | . 1 3 4 3 . 3 8 2 4 3 . 6 Tactical Retreats 5 | . . . 1 2 . 1 1 . . . . . Traps | -11 -10 -10 -9 -9 -9 -8 -8 -7 -7 -7 -7 -7 ------- Run | Scr Mat Min Mat Min Exi Min Mat Fac Low Low Zio Dee Traps Triggered 8 | . 5 . 1 . . . 2 . . . . . Indirectly . | . . . . . . . . . . . . . Trap Hack Attempts . | . . . . . . . . . . . . . Triggered . | . . . . . . . . . . . . . Disarmed . | . . . . . . . . . . . . . Reprogrammed . | . . . . . . . . . . . . . Reused . | . . . . . . . . . . . . . Traps Extracted . | . . . . . . . . . . . . . Installed . | . . . . . . . . . . . . . Triggered 1 | . . . . . . . . 1 . . . . Machines | -11 -10 -10 -9 -9 -9 -8 -8 -7 -7 -7 -7 -7 ---------- Run | Scr Mat Min Mat Min Exi Min Mat Fac Low Low Zio Dee Machines Disabled 1 | . . . . . . . . 1 . . . . Max in Single Turn 1 | . . . . . . . . 1 . . . . Garrison Access 1 | . . . . . . . . 1 . . . . Machines Sabotaged . | . . . . . . . . . . . . . Overloaded Fab Kills . | . . . . . . . . . . . . . Hacking | -11 -10 -10 -9 -9 -9 -8 -8 -7 -7 -7 -7 -7 --------- Run | Scr Mat Min Mat Min Exi Min Mat Fac Low Low Zio Dee Machines Accessed 15 | . 1 . 5 . 1 . 2 5 . . 1 . Terminals 13 | . 1 . 5 . . . 2 5 . . . . Fabricators . | . . . . . . . . . . . . . Repair Stations . | . . . . . . . . . . . . . Recycling Units . | . . . . . . . . . . . . . Scanalyzers . | . . . . . . . . . . . . . Garrison Access . | . . . . . . . . . . . . . Total Hacks 39 | . 3 . 16 . 1 . 7 8 . . 4 . Successful 16 | . 2 . 3 . 1 . 5 1 . . 4 . Failed 23 | . 1 . 13 . . . 2 7 . . . . Catastrophic 2 | . . . 1 . . . . 1 . . . . Database Lockouts . | . . . . . . . . . . . . . Manual 27 | . 3 . 14 . 1 . 5 4 . . . . Terminals 34 | . 3 . 16 . . . 7 8 . . . . Fabricators . | . . . . . . . . . . . . . Repair Stations . | . . . . . . . . . . . . . Recycling Units . | . . . . . . . . . . . . . Scanalyzers . | . . . . . . . . . . . . . Garrison Access . | . . . . . . . . . . . . . Terminal Hacks 8 | . . . . . 1 . 2 1 . . 4 . Record 1 | . . . . . 1 . . . . . . . Part Schematic 4 | . . . . . . . . . . . 4 . Branch Access Points 1 | . . . . . . . . 1 . . . . Unreport Threat 1 | . . . . . . . 1 . . . . . Locate Traps 1 | . . . . . . . 1 . . . . . Fabricator Hacks . | . . . . . . . . . . . . . Repair Station Hacks . | . . . . . . . . . . . . . Recycling Unit Hacks . | . . . . . . . . . . . . . Scanalyzer . | . . . . . . . . . . . . . Garrison Access Hacks . | . . . . . . . . . . . . . Unauthorized Hacks 8 | . 2 . 3 . . . 3 . . . . . Terminals 8 | . 2 . 3 . . . 3 . . . . . Botnet 5 | . 1 . 2 . . . 2 . . . . . Operators 3 | . 1 . 1 . . . 1 . . . . . Fabricators . | . . . . . . . . . . . . . Repair Stations . | . . . . . . . . . . . . . Recycling Units . | . . . . . . . . . . . . . Scanalyzers . | . . . . . . . . . . . . . Garrison Access . | . . . . . . . . . . . . . Data Cores Recovered . | . . . . . . . . . . . . . Used . | . . . . . . . . . . . . . Hacking Detections 12 | . 1 . 5 . . . 2 4 . . . . Full Trace Events . | . . . . . . . . . . . . . Feedback Events . | . . . . . . . . . . . . . Feedback Blocked . | . . . . . . . . . . . . . Robot Schematics Acquired 3 | . . . . . . . . . . . 3 . Robots Built . | . . . . . . . . . . . . . Authchips . | . . . . . . . . . . . . . Time . | . . . . . . . . . . . . . Total Robot Build Rating . | . . . . . . . . . . . . . Part Schematics Acquired 20 | . . . . . . . . . . . 20 . Parts Built . | . . . . . . . . . . . . . Authchips . | . . . . . . . . . . . . . Time . | . . . . . . . . . . . . . Total Part Build Rating . | . . . . . . . . . . . . . Parts Repaired . | . . . . . . . . . . . . . Time . | . . . . . . . . . . . . . Parts Recycled . | . . . . . . . . . . . . . Recycled Matter . | . . . . . . . . . . . . . Retrieved Matter . | . . . . . . . . . . . . . Retrieved Components . | . . . . . . . . . . . . . Parts Scanalyzed . | . . . . . . . . . . . . . Part Schematics Acquired . | . . . . . . . . . . . . . Parts Damaged . | . . . . . . . . . . . . . Bothacking | -11 -10 -10 -9 -9 -9 -8 -8 -7 -7 -7 -7 -7 ------------ Run | Scr Mat Min Mat Min Exi Min Mat Fac Low Low Zio Dee Used RIF Installer . | . . . . . . . . . . . . . Robots Hacked . | . . . . . . . . . . . . . Non-combat . | . . . . . . . . . . . . . Combat . | . . . . . . . . . . . . . Robot Hacks Applied . | . . . . . . . . . . . . . Relay Couplers Released 3 | . . . . . . . . 3 . . . . Machine Destruction 3 | . . . . . . . . 3 . . . . Fabnet Peak Effective % . | . . . . . . . . . . . . . Robots Rewired . | . . . . . . . . . . . . . Allies Hacked . | . . . . . . . . . . . . . Hacks Repelled . | . . . . . . . . . . . . . Allies | -11 -10 -10 -9 -9 -9 -8 -8 -7 -7 -7 -7 -7 -------- Run | Scr Mat Min Mat Min Exi Min Mat Fac Low Low Zio Dee Total Allies . | . . . . . . . . . . . . . Largest Group . | . . . . . . . . . . . . . Highest-Rated Group . | . . . . . . . . . . . . . Highest-Rated Ally . | . . . . . . . . . . . . . Total Orders . | . . . . . . . . . . . . . Ally Attacks . | . . . . . . . . . . . . . Total Damage . | . . . . . . . . . . . . . Kills . | . . . . . . . . . . . . . Allies Corrupted . | . . . . . . . . . . . . . Allies Melted . | . . . . . . . . . . . . . Intel | -11 -10 -10 -9 -9 -9 -8 -8 -7 -7 -7 -7 -7 ------- Run | Scr Mat Min Mat Min Exi Min Mat Fac Low Low Zio Dee Robot Analysis Total . | . . . . . . . . . . . . . Derelict Logs Recovered 4 | . . . . 1 . . . . . 1 2 . Drone Launches . | . . . . . . . . . . . . . Drone Recoveries . | . . . . . . . . . . . . . Exploration | -11 -10 -10 -9 -9 -9 -8 -8 -7 -7 -7 -7 -7 ------------- Run | Scr Mat Min Mat Min Exi Min Mat Fac Low Low Zio Dee Turns Passed 10674 | 69 346 348 939 181 412 531 700 1640 478 831 2078 2121 Spaces Moved 4688 | 59 281 272 390 101 285 331 322 762 303 438 961 183 Core 115 | 4 . . . . . . . . . . . 111 Treads 227 | 6 . . 219 . . . . 2 . . . . Legs . | . . . . . . . . . . . . . Wheels 4346 | 49 281 272 171 101 285 331 322 760 303 438 961 72 Hover . | . . . . . . . . . . . . . Flight . | . . . . . . . . . . . . . Fastest Speed 50 | 50 95 110 86 140 140 140 140 155 145 145 210 195 Average Speed 206 | 95 102 110 187 140 140 140 155 195 149 177 211 1108 Slowest Speed 1900 | 160 110 110 240 140 140 140 215 480 230 225 225 1900 Overloaded Moves . | . . . . . . . . . . . . . Propulsion Burnouts . | . . . . . . . . . . . . . Robots Hopped . | . . . . . . . . . . . . . Cave-ins Triggered . | . . . . . . . . . . . . . Exploration Rate (%) 47 | 4 39 79 45 21 69 74 28 19 52 60 86 36 Regions Visited 12 Branch Regions 8 Pre-discovered Areas 2 | . . . . . 1 . . . . . 1 . Known Exits Taken 4 | . . . . . . 1 . 1 . 1 1 . Unknown Exits Taken 8 | 1 1 1 1 1 1 . 1 . 1 . . . Scrap Searched 10 | . . 1 . . . 1 . . 4 2 2 . Spaces Dug 17 | . . . . . . . . . . . 3 14 Terrain Destroyed 126 | . . 21 . . . . . 2 27 5 3 68 Melee 3 | . . . . . . . . . . . 3 . Projectile 8 | . . . . . . . . 2 . 5 . 1 AOE 115 | . . 21 . . . . . . 27 . . 67 Terrain Rammed . | . . . . . . . . . . . . . Walls Destroyed . | . . . . . . . . . . . . . Machines Disabled . | . . . . . . . . . . . . . Actions | -11 -10 -10 -9 -9 -9 -8 -8 -7 -7 -7 -7 -7 --------- Run | Scr Mat Min Mat Min Exi Min Mat Fac Low Low Zio Dee Total 5315 | 68 315 295 540 114 298 392 443 842 316 462 994 236 Wait 226 | . 10 . 90 . . 54 54 7 . 8 3 . Move 4676 | 58 280 271 389 100 284 330 321 761 302 437 960 183 Hop . | . . . . . . . . . . . . . Pick Up 47 | 3 6 2 16 1 1 1 6 8 1 1 1 . Fast Attach 41 | 6 3 . 6 . 6 . 3 9 2 . 5 1 Attach 30 | . . . 5 . . . 7 4 1 2 . 11 Detach 1 | . . . . . . . 1 . . . . . Swap 38 | 1 2 2 2 . . 2 7 7 4 1 3 7 Drop 46 | . 3 . 6 . 7 2 6 16 . . 6 . Fire 188 | . 11 20 26 13 . 3 38 30 6 13 . 28 Melee 22 | . . . . . . . . . . . 16 6 Ram . | . . . . . . . . . . . . . Kick . | . . . . . . . . . . . . . Crush . | . . . . . . . . . . . . . Escape Stasis . | . . . . . . . . . . . . . Rewire . | . . . . . . . . . . . . . Trap . | . . . . . . . . . . . . . Miscellaneous . | . . . . . . . . . . . . . Route ------- -11/Scrapyard -10/Materials (discovered 2 exits: *Mat / [*Min]) -10/Mines -9/Materials (discovered 2 exits: *Mat / [*Min]) -9/Mines (discovered 2 exits: Mat / *Exi) -9/Exiles -8/Mines -8/Materials -7/Factory (discovered 3 exits: Sto / *Low x2) -7/Lower Caves -7/Lower Caves (discovered 2 exits: [*Fac] / *Zio) -7/Zion (discovered 2 exits: *Dee / [*Pro]) -7/Deep Caves History --------- Turn | Location | Event 20 | -11/Scrapyard | Discovered new exit (range 16) 70 | -11/Scrapyard | Entered Materials 172 | -10/Materials | Discovered new exit (range 10) 288 | -10/Materials | Discovered new exit (range 4) 305 | -10/Materials | Build established: Mutant 416 | -10/Materials | Entered Mines 537 | -10/Mines | A weapon hastily lodged in a ceiling crevice suddenly fell to the ground 753 | -10/Mines | Discovered new exit (range 11) 764 | -10/Mines | Entered Materials 764 | -9/Materials | Evolved 2 slots: Propulsion x1, Weapon x1 889 | -9/Materials | Lost 3 parts (2p1n) 1167 | -9/Materials | Discovered new exit (range 13) 1221 | -9/Materials | Build established: Gunner 1646 | -9/Materials | Discovered new exit (range 16) 1703 | -9/Materials | Entered Mines 1841 | -9/Mines | Identified exit to Materials 1858 | -9/Mines | Found a damaged Exp. Sensor Array with a note attached 1861 | -9/Mines | Found Prototype Device 1877 | -9/Mines | Deemed a non-threat by the Exiles lab entrance 1879 | -9/Mines | Discovered new exit (range 5) 1884 | -9/Mines | Entered Exiles 1919 | -9/Exiles | Met 8R-AWN 1941 | -9/Exiles | Met EX-HEX 1996 | -9/Exiles | Met EX-DEC 2028 | -9/Exiles | Learned location of Zion (-7) 2052 | -9/Exiles | Met EX-BIN 2071 | -9/Exiles | Aligned with FarCom system 2073 | -9/Exiles | Given EX-Vault access code 2105 | -9/Exiles | Opened EX-Vault 2115 | -9/Exiles | Found Prototype Ballistic Cannon 2115 | -9/Exiles | Identified AWS/Autocannon 2127 | -9/Exiles | Found Prototype Device 2127 | -9/Exiles | Identified Supersonic Drone Bay 2161 | -9/Exiles | Warned to stay clear of 0b10 Research branches 2276 | -9/Exiles | Discovered new exit (range 15) 2296 | -9/Exiles | Left Exiles lab with Supersonic Drone Bay 2296 | -9/Exiles | Entered Mines 2592 | -8/Mines | Build established: Skirmisher 2796 | -8/Mines | Discovered exit to Materials (range 13) 2827 | -8/Mines | Entered Materials 2827 | -8/Materials | Evolved 2 slots: Utility x2 3233 | -8/Materials | Lost 3 parts (3n) 3332 | -8/Materials | Build established: Scavenger-Skirmisher 3487 | -8/Materials | Discovered new exit (range 15) 3527 | -8/Materials | Entered Factory 3527 | -7/Factory | Evolved 2 slots: Power x1, Utility x1 3989 | -7/Factory | Build established: Scavenger-Tank 4381 | -7/Factory | Build established: Scavenger-Skirmisher 5134 | -7/Factory | Cargo convoy interrupted 5150 | -7/Factory | Identified exit to Storage 5150 | -7/Factory | Identified exit to Lower Caves 5167 | -7/Factory | Entered Lower Caves 5167 | -7/Lower Caves | Spotted B-75 Beast 5213 | -7/Lower Caves | Lost 4 parts (2p1n1u) 5567 | -7/Lower Caves | Build established: Scavenger-Gunner 5629 | -7/Lower Caves | Discovered new exit (range 12) 5645 | -7/Lower Caves | Entered another Lower Caves area 5645 | -7/Lower Caves | Discovered new exit (range 13) 5724 | -7/Lower Caves | Identified exit to Zion 5858 | -7/Lower Caves | Encountered a Warlord checkpoint 6476 | -7/Lower Caves | Entered Zion 6604 | -7/Zion | Found Prototype Device 6604 | -7/Zion | Identified Bomb Factory No. 2 6754 | -7/Zion | System corruption cleaned by Quarantine Array 7004 | -7/Zion | Learned location of Warlord (-4) 7033 | -7/Zion | Identified exit to Deep Caves 7271 | -7/Zion | Build established: Derelict-Mutant 7457 | -7/Zion | Received a hallucinogenic algorithm 7576 | -7/Zion | Saw the warning signs outside the Deep Caves entrance 7996 | -7/Zion | Discovered new exit (range 12) 8554 | -7/Zion | Entered Deep Caves 8608 | -7/Deep Caves | Lost 4 parts (1n2u1w) 8743 | -7/Deep Caves | Attacked by Z-Imprinter 8748 | -7/Deep Caves | Core integrity fell below 50% 8770 | -7/Deep Caves | Destroyed Z-Imprinter 8794 | -7/Deep Caves | Lost 9 parts (2p2n2u3w) 9005 | -7/Deep Caves | Found Prototype Protection 9005 | -7/Deep Caves | Identified Zio. Weapon Casing 9064 | -7/Deep Caves | Build established: Gunner 9989 | -7/Deep Caves | Build established: Mutant 10578 | -7/Deep Caves | Build established: Tank 10642 | -7/Deep Caves | Z-Facility disabled 10656 | -7/Deep Caves | Core integrity fell below 20% 10675 | -7/Deep Caves | Destroyed by G9-PIF(z) with Zionite Laser-S Last Messages --------------- 09938_ RV-Z3X(o) destroyed. 09940_ Sneak attack on Y3-WQ9(o). 09940_ Destroyed Lgt. Ion Engine. 09940_ Destroyed Mak. Hacking Suite. 09940_ Destroyed Hover Unit. 09940_ Y3-WQ9(o) system corrupted by crushing effect. 09940_ Hover Unit fried. 09940_ Y3-WQ9(o) destroyed. 10635_ Lgt. Nuclear Core destroyed. 10642_ Z-Facility disabled. 10644_ Zio. Weapon Casing destroyed. 10648_ Adv. Assault Cannon destroyed. 10652_ Imp. Medium Armor Plating destroyed. 10654_ Destroyed Prototype Hover Unit. 10654_ NM-GE9(z) knocked back. 10654_ Mak. Power Source destroyed. 10657_ NM-GE9(z) destroyed. 10659_ Adv. Assault Cannon destroyed. 10669_ Hvy. Laser destroyed. 10673_ Mak. Laser destroyed. Map ----- +----------------------------------------------------+ | ???????????????????????????????????""""""""" | | ??????????????????????????????????""""" " " | | ??????????????????????????????????""""""% % | | ??????????????????????????????????""""" | | ??????????????????????????????????""""""% | | ??????????????????????????????????"""""" | | ???????????????????????????????????""""""" | | ??????????????????????????????????"""""""""" | | ??????????????????????????????????""" | | ??????????????????????????? ???""" """ | | ??????????????????????? "???"" """"" | | ????????????????????? """??" """"""" | | ?????????????????? "?"" """"""" | | ???????????????? "?"" """"""" | | ?????????????? """" """"" | | ?????????????? """" """ | | ????????????? """" | | ????????????? """""""""" | | ???????????? """"""""" | | ???????????? | | ???????????? | | ??????????? | | ??????????? | | ?????????? % | | ?????????? % z | | ?????????? !%@ ## | | ?????????? ### z*;## ####? | | ?????????????????????# #### ##???? | | ?????????????????????####???### #####????? | | ??????????????????????????????###########????????? | | ?????????????????????????????????????????????????? | | | | | | | | | | | | | | | | | | | | | | | | | | | | | | | | | | | | | | | +----------------------------------------------------+ Best States ------------- Heat Dissipation 76 Energy Generation 25 Energy Capacity 350 Matter Stores 300 Matter Capacity 300 Sight Range 16 Terrain Scan Density 10 Armor Coverage 375 Weapon Shielding 100 Evasion (%) 44 Targeting Accuracy 8 Recoil Reduction 2 Item Schematics ----------------- Hvy. Riot Gun | -7/Zion | Archive Imp. Heavy Armor Plating | -7/Zion | Archive Plasma Cannon | -7/Zion | Archive Hyp. Gauss Rifle | -7/Zion | Archive Xenon Bombardment Thruster | -7/Zion | Archive Imp. Target Analyzer | -7/Zion | Archive Mak. Armor Plating | -7/Zion | Archive Imp. Corruption Screen | -7/Zion | Archive Imp. Remote Datajack | -7/Zion | Archive Mak. Flight Unit | -7/Zion | Archive Drone Bay | -7/Zion | Archive Proton Missile Launcher | -7/Zion | Archive Adv. Signal Interpreter | -7/Zion | Archive Flak Gun | -7/Zion | Archive Nuclear Pulse Thruster | -7/Zion | Archive Hvy. Mass Driver | -7/Zion | Archive Battle Rifle | -7/Zion | Free Barrage Gun | -7/Zion | Free Slug Cannon | -7/Zion | Free Plasma Flamer | -7/Zion | Free Robot Schematics ------------------ T-07 Excavator | -7/Zion | Archive K-01 Serf | -7/Zion | Archive G-47 Trooper | -7/Zion | Archive Fabricated ------------ Nothing Alien Tech Used ----------------- None Achievements -------------- None Challenges ------------ None Game ------ Seed MatterChargeDoublenader Manual? 0 Play Time 00:43:32 Cumulative 113.5 hours Start 2022.12.01 @ 23:48:32 End 2022.12.02 @ 00:34:48 Sessions 1 Manual Loads 0 Difficulty Rogue Special Mode None Game No. 206 Rogue 206 Adventurer 0 Explorer 0 Win Type - Total 2 Types 1/0/1/0/0/0/0/0/0 Lore% 63 Gallery% 70 Achievement% 51 Wizard Run 0 Options --------- ASCII 0 Keyboard 0 Movement Mouse Keybinds 0 Fullscreen 1 Font 18/SmallcapsGlow Map View 76x50 Tactical HUD 1 Map Filters NONE Filters NONE Steam 1 RUN: 7e5a19b0-df70-4858-bcbc-831f5a216c36